 Dungeon Crawl Stone Soup version 0.29.1-13-g9f3cf754e1 (webtiles) character file.

Game seed: 17887655768631778028

898 FexLirch the Thaumaturge (level 8, -4/57 HPs)
             Began as a Meteoran Earth Elementalist on Jan 29, 2023.
             Slain by Pikel
             ... wielding a +0 whip of electrocution
              (6 damage)
             ... on level 6 of the Dungeon.
             The game lasted 00:13:06 (1739 turns).

FexLirch the Thaumaturge (MeEE)                     Turns: 1739, Time: 00:13:06

Health: -4/57      AC:  2    Str:  9    XL:     8   Next: 53%
Magic:  20/22      EV: 12    Int: 19    God:
Gold:   474        SH:  0    Dex: 15    Spells: 17/25 levels left

rFire   + . .      SeeInvis .   (no weapon)
rCold   . . .      Faith    .   (no shield)
rNeg    . . .      Spirit   .   a - +0 robe
rPois   +          Reflect  .   (no helmet)
rElec   .          Harm     .   (no cloak)
rCorr   .          Rampage  .   (no gloves)
Will    +....                   (no boots)
Stlth   +.........              (no amulet)
HPRegen 0.19/turn               m - ring of poison resistance
MPRegen 0.18/turn               u - ring of protection from fire

@: on blink cooldown, glowing
A: sense surroundings 1, otherworldly, glowing, explore regen
a: no special abilities


You were on level 6 of the Dungeon.
You visited 1 branch of the dungeon, and saw 7 of its levels.
You also visited: Sewer and Ossuary.

You collected 474 gold pieces.

Inventory:

Armour
 a - a +0 robe (worn)
 x - +0 swamp dragon scales
Jewellery
 m - a ring of poison resistance (left hand)
 u - a ring of protection from fire (right hand)
Scrolls
 c - a scroll of blinking {unknown}
 d - 3 scrolls of teleportation
 f - a scroll of noise {unknown}
 k - 3 scrolls of immolation
 l - 2 scrolls of fog
 n - a scroll of silence {unknown}
 o - 2 scrolls of magic mapping
 q - a scroll of enchant weapon {unknown}
 s - a scroll of amnesia {unknown}
 t - a scroll of poison
 v - a scroll of vulnerability {unknown}
Potions
 b - a potion of magic
 g - 3 potions of brilliance
 h - 4 potions of curing
 i - 3 potions of flight
 j - 2 potions of heal wounds
 p - 3 potions of berserk rage
 r - 2 potions of haste
 w - a potion of ambrosia {unknown}
 z - a potion of resistance {unknown}


   Skills:
 - Level 2.4 Dodging
 - Level 1.4 Stealth
 + Level 9.0 Spellcasting
 - Level 4.0 Conjurations
 - Level 1.2 Transmutations
 - Level 6.0 Earth Magic


You had 17 spell levels left.
You knew the following spells:

 Your Spells              Type           Power      Damage    Failure   Level
a - Sandblast             Erth           62%        2d14      1%          1
b - Passwall              Tmut/Erth      18%        N/A       2%          2
c - Blink                 Tloc           16%        N/A       12%         2
d - Stone Arrow           Conj/Erth      54%        3d10      3%          3

Your spell library contained the following spells:

 Spells                   Type           Power      Damage    Failure   Level
 Freeze                   Ice            32%        1d5       9%          1
 Petrify                  Tmut/Erth      22%        N/A       19%         4
 Frozen Ramparts          Ice            16%        1d3       24%         3
 Lesser Beckoning         Tloc           8%         N/A       24%         3
 Hailstorm                Conj/Ice       16%        3d6       34%         4
 Manifold Assault         Tloc           8%         N/A       92%         5


Dungeon Overview and Level Annotations

Branches:
Dungeon (7/15) Zot: 2671    Sewer (visited)         Ossuary (visited)
 Temple: D:4-7

Altars:
Okawaru
Sif Muna
Lugonu

Annotations:
D:6 Pikel


Innate Abilities, Weirdness & Mutations

You passively map a small area around you.
You are easily found by Zot.
You glow in the dark.
You regain HP and MP as you explore.


Message History

Casting: Sandblast (safe; 1% risk of failure)
Confirm with . or Enter, or press ? or * to list all spells.
Aiming: Sandblast (safe; 1% risk of failure)
Press: ? - help, Shift-Dir - straight line, f/p - Pikel
Aim: Pikel, wielding a +0 whip of electrocution and wearing a +0 robe (80% to hit)
The blast of sand hits the lemure!
The lemure is almost dead.
You feel stable enough to blink again. The lemure hits you.
Casting: Sandblast (safe; 1% risk of failure)
Confirm with . or Enter, or press ? or * to list all spells.
Aiming: Sandblast (safe; 1% risk of failure)
Press: ? - help, Shift-Dir - straight line, f/p - Pikel
Aim: Pikel, wielding a +0 whip of electrocution and wearing a +0 robe (80% to hit)
The blast of sand hits Pikel!
Pikel is moderately wounded.
Pikel hits you with a +0 whip of electrocution!
You are electrocuted!
* * * LOW HITPOINT WARNING * * *
Casting: Sandblast (safe; 1% risk of failure)
Confirm with . or Enter, or press ? or * to list all spells.
Aiming: Passwall (safe; 2% risk of failure)
Press: ? - help, Dir - move target, f - you, p - Pikel Please select a wall.
Okay, then.
Unknown command.
Unknown command.
Pikel attacks as you move away! Pikel closely misses you.
Pikel attacks as you move away! Pikel barely misses you.
Found an escape hatch in the floor.
Pikel attacks as you move away!
Pikel hits you with a +0 whip of electrocution!
* * * LOW HITPOINT WARNING * * *
Casting: Passwall (safe; 2% risk of failure)
Confirm with . or Enter, or press ? or * to list all spells.
You blink.
The lemure hits you.
* * * LOW HITPOINT WARNING * * *
Pikel barely misses you.
Pikel hits you with a +0 whip of electrocution.
You die...

, ,....# #.# #.# #.5#
#.# #.# * *#5### #.#
#.# * # #5#.##
#.####.# , #. #..#.##
#....... *
#.##.###.###########.#
,* #..5##
##............#
##..5###.#############
#.#K@#.# ........,
#.#ยง#....##.#######.#
#.#.####.#. , , *
#>#.# ,# * , #.#.# *
*,* , *#.#.# , * * #.#
* #.# , #.# *


You could see Pikel and 2 lemures.

Vanquished Creatures
  An ice beast (D:6)
  2 ogres
  2 kobold brigands
  A necrophage (D:4)
  2 scorpions (D:4)
  An iguana (D:6)
  An orc wizard (D:6)
  9 mummies
  5 adders
  2 river rats
  An ufetubus (D:4)
  11 orcs
  6 ball pythons
  7 endoplasms
  5 giant cockroaches
  3 gnoll zombies (Ossuary)
  5 goblins
  3 hobgoblins
  2 quokkas
  A bat (D:3)
  3 frilled lizards
  18 kobolds
  2 kobold zombies (Ossuary)
  3 orc zombies (Ossuary)
  10 rats
106 creatures vanquished.

Notes
Turn   | Place    | Note
-------+----------+-------------------------------------------
     0 | D:1      | FexLirch the Meteoran Earth Elementalist began the quest
                  | for the Orb.
     0 | D:1      | Reached XP level 1. HP: 14/14 MP: 5/5
    79 | D:1      | Reached XP level 2. HP: 20/20 MP: 4/6
    91 | D:1      | Reached skill level 3 in Spellcasting
    92 | D:1      | Reached skill level 1 in Conjurations
   143 | D:1      | Learned a level 2 spell: Passwall
   146 | D:1      | Learned a level 2 spell: Blink
   165 | D:1      | Reached XP level 3. HP: 26/26 MP: 4/8
   266 | D:4      | Found a glowing drain.
   328 | D:4      | Noticed a scorpion
   328 | D:4      | Noticed an ogre
   337 | D:4      | Noticed a necrophage
   351 | D:4      | Killed a necrophage
   352 | D:4      | Reached skill level 4 in Spellcasting
   352 | D:4      | Reached XP level 4. HP: 29/33 MP: 3/11
   352 | D:4      | Reached XP level 5. HP: 33/38 MP: 3/12
   358 | Sewer    | Entered a sewer
   404 | Sewer    | Noticed a kobold brigand
   413 | Sewer    | Killed a kobold brigand
   414 | Sewer    | Reached skill level 5 in Earth Magic
   414 | Sewer    | Reached XP level 6. HP: 14/45 MP: 6/13
   425 | Sewer    | Found a white marble altar of Elyvilon.
   482 | D:3      | Found a large runed translucent door.
   484 | D:3      | Found a large runed translucent door.
   489 | D:3      | Found a corrupted altar of Lugonu.
   755 | D:4      | Killed an ogre
   756 | D:4      | Reached skill level 5 in Spellcasting
   756 | D:4      | Reached XP level 7. HP: 50/50 MP: 12/15
   760 | D:4      | Learned a level 3 spell: Stone Arrow
   867 | D:4      | Found a sand-covered staircase.
   875 | Ossuary  | Entered an ossuary
   896 | Ossuary  | Reached skill level 6 in Spellcasting
  1118 | D:3      | Reached skill level 7 in Spellcasting
  1189 | D:5      | Entered Level 5 of the Dungeon
  1248 | D:6      | Reached XP level 8. HP: 57/57 MP: 12/19
  1353 | D:6      | Reached skill level 8 in Spellcasting
  1441 | D:6      | Found an iron altar of Okawaru.
  1471 | D:6      | Found a shimmering blue altar of Sif Muna.
  1496 | D:6      | Noticed Maggie
  1532 | D:6      | Noticed Maggie
  1532 | D:6      | Maggie changed into Maggie the ogre
  1535 | D:6      | Killed Maggie the ogre
  1716 | D:6      | Reached skill level 9 in Spellcasting
  1726 | D:6      | Noticed Pikel
  1738 | D:6      | HP: 1/57 [lemure[Pikel] (6)]
  1739 | D:6      | Slain by Pikel

Illustrated notes

Levels and vault maps discovered:
D:1:      amcnicky_arrival_double_pillar, layout_loops_cross, serial_shops, shop
D:2:      layout_rooms
D:3:      due_chaos_kobolds, layout_rooms, shapermc_ecumenical_altar_ellora,
          minmay_misc_feat_plants
D:4:      layout_cave_pods, xom_confusion_cloud, gup_ossuary_entry_pyramid,
          portal_sewer_entry_a, grunt_ministairs_4
D:5:      layout_loops_corners, minmay_temple_entry_drinking_statues,
          hangedman_decor_push, kennysheep_generic_room_3
D:6:      layout_loops_ring, okawaru_altar_gauntlet_db, old_standard_altar,
          serial_co_window_serial, co_window_paths_b, co_window_paths_a,
          co_window_paths_b, co_window_corner_a, co_window_corner_a,
          co_window_paths_a, co_window_paths_b, co_window_2corner,
          co_window_unsneaky_path_a, co_window_broadway_b, glass_columns_c,
          uniq_crazy_yiuf_cottage, uniq_pikel, uniq_maggie
D:7:      layout_cave_pools, zin_statuary, serial_gnoll_camp,
          gnoll_camp_medium_02, gnoll_camp_medium_01, gnoll_camp_huts_moat,
          gnoll_camp_mini_doghouse, uniq_prince_ribbit1, uniq_menkaure,
          uniq_duvessa

Skill      XL: |  1  2  3  4  5  6  7  8 |
---------------+-------------------------+-----
Spellcasting   | 3 4 5 7 9 |  9.0
Conjurations   | 1 2 3 4 |  4.0
Earth Magic    | 4 5 6 |  6.0
Dodging        | |  2.4
Stealth        | |  1.4
Transmutations | |  1.2

Action                   |  1- 3 |  4- 6 |  7- 9 || total
-------------------------+-------+-------+-------++-------
Melee: Unarmed           |     1 |     1 |       ||     2
 Cast: Sandblast         |    47 |    49 |    81 ||   177
       Blink             |       |     1 |     2 ||     3
       Stone Arrow       |       |       |    16 ||    16
       Passwall          |       |       |     6 ||     6
Evoke: Wand              |       |       |     6 ||     6
  Use: Scroll            |       |       |     8 ||     8
Armor: Robe              |     4 |     4 |     6 ||    14
Dodge: Dodged            |    12 |    18 |    25 ||    55
